cohdb
Replays
Latest Replays
All Replays
Popular Replays
Top Player Replays
Match Explorer
How It Works
Community
CoH3 Stats
Reddit
Sign in to upload your games and track your stats! →
Sign in with Steam
Match 44449745
Unlisted
Match 44449745
Overview
Messages
Build Orders
End
Construct Infanterie Kompanie
Pioneer Squad
Selects Breakthrough Battlegroup
Selects Assault Grenadiers
Grenadier Squad
Grenadier Squad
Grenadier Squad
Construct Luftwaffe Kompanie
Selects Rapid Production
221 Scout Car
Jäger Squad
Medical Bunker
GrW 34 Mortar Team
Construct Panzer Kompanie
Selects Breakthrough
Selects Mechanized Assault Group
Panzer IV Medium Tank
Selects Blitzkrieg
Pioneer Squad
MG 42 Machine Gun Team
咚咚锵个腿
只出曲线
0
0
Comments
sign in to comment!
No comments posted yet!